cohdb
Replays
Latest Replays
All Replays
Popular Replays
Top Player Replays
Match Explorer
How It Works
Community
CoH3 Stats
Reddit
Sign in to upload your games and track your stats! →
Sign in with Steam
Match 40231809
Unlisted
Match 40231809
Overview
Messages
Build Orders
End
Construct Section Command Post
Infantry Section
Infantry Section
Dingo Light Scout Car
Infantry Section
Selects Canadian Shock Battlegroup
Selects Attacking Spirit
Selects Canadian Shock Section
Canadian Shock Section
Construct Platoon Command Post
Infantry Training
Selects Incendiary Munitions
Grenade Package
6-pounder Anti-tank Gun Team
Unlock M3 Stuart Light Tanks
M3 Stuart Light Tank
Construct Company Command Post
Selects Pyrotechnics
Crusader II Medium Tank
Foot Guards Section
Royal Engineer Section
Armored Vehicle Training
Selects Churchill Crocodile Heavy Tank
Churchill Crocodile Heavy Tank
Selects Point Assault
Royal Engineer Section
Point Assault
Beregonds
Owlbear
Saueee
KeineZeit
0
0
Comments
sign in to comment!
No comments posted yet!